 Dungeon Crawl Stone Soup version 0.29.1-15-g9cfb28693d (webtiles) character file.

Game seed: 7601426794785132086

154 BeingJoeMalik the Poker (level 5, -3/53 HPs)
             Began as a Naga Fighter on Mar 27, 2023.
             Killed by divine providence
             ... invoked by an orc priest
              (12 damage)
             ... on level 4 of the Dungeon.
             The game lasted 00:05:50 (3055 turns).

BeingJoeMalik the Poker (Naga Fighter)              Turns: 3055, Time: 00:05:51

Health: -3/53      AC:  7    Str: 15 (18) XL:     5   Next: 36%
Magic:  5/5        EV:  6    Int:  6 (9)  God:
Gold:   175        SH:  0    Dex: 10 (12) Spells: 4/4 levels left

rFire   . . .      SeeInvis +   a - +0 trident
rCold   . . .      Faith    .   c - +0 buckler
rNeg    . . .      Spirit   .   b - +0 scale mail
rPois   +          Reflect  .   (no helmet)
rElec   .          Harm     .   (no cloak)
rCorr   .          Rampage  .   (no gloves)
Will    +....                   (no barding)
Stlth   ..........              f - amulet of the acrobat
HPRegen 0.17/turn               (no ring)
MPRegen 0.09/turn               (no ring)

@: confused, mighty, brilliant, flying, very slow
A: AC +1, large, see invisible, deformed body, poison resistance, slowness 2,
spit poison 1, naga tail 1, iridescent scales 1, strong-willed 1, robust 1,
devolution 1
a: Spit Poison


You were on level 4 of the Dungeon.
You visited 1 branch of the dungeon, and saw 4 of its levels.

You collected 175 gold pieces.

Inventory:

Hand Weapons
 a - a +0 trident (weapon)
Armour
 b - a +0 scale mail (worn)
 c - a +0 buckler (worn)
Jewellery
 f - an amulet of the acrobat (around neck)
 g - a ring of flight
 q - a ring of resist corrosion
Scrolls
 h - a scroll of fear {unknown}
 l - a scroll of magic mapping {unknown}
 m - 4 scrolls of identify {unknown}
 n - a scroll of blinking {unknown}
 o - a scroll of teleportation {unknown}
 p - a scroll of brand weapon {unknown}
 t - a scroll of silence {unknown}
Potions
 d - a potion of might
 e - a potion of attraction


   Skills:
 - Level 3.0 Fighting
 + Level 5.4 Polearms
 - Level 2.4 Armour
 - Level 2.6 Shields


You had 4 spell levels left.
You didn't know any spells.
Your spell library was empty.

Dungeon Overview and Level Annotations

Branches:
Dungeon (4/15)
 Temple: D:4-7

Altars:
Gozag

Shops:
D:1 ?


Innate Abilities, Weirdness & Mutations

Your serpentine skin is tough. (AC +1)
You have supernaturally acute eyesight. (SInv)
Armour fits poorly on your strangely shaped body.
Your system is resistant to poisons. (rPois)
You cover ground very slowly.
You can spit poison.
You have a snake-like lower body.
You are partially covered in iridescent scales. (AC +2)
You are strong-willed. (Will+)
You are robust. (+10% HP)
You have hidden genetic defects.


Message History

The puff of flame hits you.
The orc priest casts a cantrip, but nothing happens.
An orc comes into view. It is wielding a +0 whip.
The orc wizard points at you and mumbles some strange words.
The puff of flame hits you!
The orc shouts!
The orc priest calls down the wrath of Beogh upon you.
You struggle to resist.
An orc wizard comes into view. It is wielding a +0 dagger.
The orc priest mumbles some strange prayers to Beogh against you.
Beogh smites you!
You hear a shout!
You feel very mighty all of a sudden.
It was a potion of degeneration.
There was something very wrong with that liquid.
You feel weakened.
You feel dopey.
You feel clumsy.
The orc wizard gestures at you while chanting.
The puff of flame hits you!
* * * LOW HITPOINT WARNING * * *
It was a potion of flight.
You feel very buoyant.
You fly up into the air.
The orc wizard gestures at you while chanting.
You are confused.
It was a potion of mutation.
You feel extremely strange.
You feel strong-willed.
Iridescent scales grow over part of your body.
You feel a hidden malignance growing inside you.
You feel robust.
Really quaff the potion of attraction?
Okay, then.
It was a potion of brilliance.
You feel clever all of a sudden.
You hear the quick rusting of a very distant drain.
You bump into the rock wall.
You puncture the orc priest!
The orc priest is severely wounded.
The orc priest mumbles some strange prayers to Beogh against you.
Beogh smites you!
You die...

#......# .......#
.......######
#...........## #####
#<.....####..######...#
#......# ##......#>..#
######## ######()...#
##oo....# ## #.@#....#
.# #.##....# .# #.
#o#.## O# #. #.#o# ..
.. #o#.# #.# ## #.#.#
.# #.#o# .. #.o.# #.
##.o#


You could see an orc priest and an orc wizard.

Vanquished Creatures
  A hound (D:4)
  2 orc wizards (D:3)
  2 adders
  2 worms (D:2)
  3 orcs (D:3)
  5 ball pythons
  5 bats
  4 endoplasms
  A giant cockroach (D:1)
  8 goblins
  6 hobgoblins
  3 frilled lizards
  A kobold (D:1)
  5 rats
48 creatures vanquished.

Notes
Turn   | Place    | Note
-------+----------+-------------------------------------------
     0 | D:1      | BeingJoeMalik the Naga Fighter began the quest for the Orb.
     0 | D:1      | Reached XP level 1. HP: 21/21 MP: 1/1
   200 | D:1      | Found a faded altar of an unknown god.
   420 | D:1      | Reached XP level 2. HP: 27/28 MP: 2/2
   565 | D:1      | Reached skill level 3 in Polearms
   650 | D:1      | Found Irchas's Magic Scroll Shop.
  1042 | D:2      | Found an opulent altar of Gozag.
  1067 | D:2      | Reached XP level 3. HP: 34/34 MP: 3/3
  1725 | D:2      | Reached skill level 4 in Polearms
  2138 | D:3      | Reached XP level 4. HP: 39/42 MP: 4/4
  2596 | D:4      | Noticed an ogre
  2678 | D:3      | Reached skill level 5 in Polearms
  2678 | D:3      | Reached XP level 5. HP: 9/49 MP: 5/5
  3052 | D:4      | Gained mutation: You are strong-willed. (Will+) [potion of
                  | mutation]
  3052 | D:4      | Gained mutation: You are partially covered in iridescent
                  | scales. (AC +2) [potion of mutation]
  3052 | D:4      | Gained mutation: You have hidden genetic defects. [potion
                  | of mutation]
  3052 | D:4      | Gained mutation: You are robust. (+10% HP) [potion of
                  | mutation]
  3055 | D:4      | Killed from afar by an orc priest

Illustrated notes

Levels and vault maps discovered:
D:1:      lemuel_arrival_room, layout_loops_ring, ebering_ecumenical_altar_webs,
          serial_shops, shop
D:2:      cheibrodos_old_hovel, layout_loops_ring, basic_altar
D:3:      layout_basic
D:4:      layout_rooms, kennysheep_okawaru_gauntlet, portal_sewer_entry_f

Skill      XL: |  1  2  3  4 |
---------------+-------------+-----
Polearms       | 3 4 5 |  5.4
Fighting       | |  3.0
Armour         | |  2.4
Shields        | |  2.6

Action                   |  1- 3 |  4- 6 || total
-------------------------+-------+-------++-------
Melee: Trident           |   120 |    38 ||   158
 Abil: Spit Poison       |    11 |     6 ||    17
  Use: Potion            |       |     7 ||     7
Armor: Scale mail        |    26 |    13 ||    39
       Skin              |       |    22 ||    22
Dodge: Dodged            |    35 |    10 ||    45
Block: Buckler           |    16 |     7 ||    23
